 Dungeon Crawl Stone Soup version 0.21-a0-401-g0b6bec4 (webtiles) character file.

127 Kavrick the Skirmisher (level 4, -3/36 HPs)
             Began as a Demonspawn Fighter on Oct 21, 2017.
             Slain by an orc
             ... wielding a +0 war axe
              (4 damage)
             ... on level 3 of the Dungeon.
             The game lasted 00:02:37 (2706 turns).

Kavrick the Skirmisher (Demonspawn Fighter)         Turns: 2706, Time: 00:02:37

Health: -3/36      AC:  9    Str: 18    XL:     4   Next: 85%
Magic:  0/4        EV:  4    Int:  9    God:
Gold:   223        SH:  9    Dex: 12    Spells: 3/3 levels left

rFire    + . .     SeeInvis .   a - +0 war axe
rCold    . . .     Gourm    .   c - +0 shield
rNeg     . . .     Faith    .   i - +0 chain mail
rPois    .         Spirit   +   (no helmet)
rElec    .         Reflect  .   (no cloak)
rCorr    .         Harm     .   (no gloves)
MR       .....                  (no boots)
Stlth    ..........             (no amulet)
HPRegen  0.12/turn              (no ring)
MPRegen  0.09/turn              (no ring)

@: no status effects
A: fire resistance 1, magic shield
a: no special abilities


You were on level 3 of the Dungeon.
You were not hungry.

You visited 1 branch of the dungeon, and saw 4 of its levels.

You collected 223 gold pieces.

Inventory:

Hand Weapons
 a - a +0 war axe (weapon)
Armour
 b - a +0 scale mail
 c - a +0 shield (worn)
 i - a +0 chain mail (worn)
Jewellery
 o - a cursed -3 ring of intelligence {unknown}
Scrolls
 e - 3 scrolls of blinking {unknown}
 g - 2 scrolls of noise {unknown}
 j - 4 scrolls of identify {unknown}
 k - a scroll of immolation {unknown}
 m - 2 scrolls of fog {unknown}
 q - a scroll of remove curse {unknown}
 r - a scroll of enchant armour {unknown}
Potions
 d - a potion of might
 l - a potion of lignification {unknown}
 p - 2 potions of brilliance {unknown}
 s - a potion of berserk rage {unknown}
 t - a potion of flight {unknown}
Comestibles
 f - 3 bread rations
 h - 2 meat rations
 n - 4 royal jellies


   Skills:
 + Level 3.6 Fighting
 * Level 3.2 Axes
 + Level 3.3 Armour
 + Level 3.3 Shields


You had 3 spell levels left.
You didn't know any spells.

Dungeon Overview and Level Annotations

Branches:
Dungeon (4/15)
 Temple: D:4-7

Altars:
Elyvilon
Hepliaklqana


Innate Abilities, Weirdness & Mutations

Your flesh is heat resistant. (rF+)
When hurt, damage is shared between your health and your magic reserves.


Message History

There is an escape hatch in the ceiling here.
There is a stone staircase leading up here.
The orc hits you with a war axe! The orc barely misses you.
The orc priest invokes the aid of Beogh against you.
Beogh smites you!
You hear a shout!
The orc hits you with a war axe!
* * * LOW HITPOINT WARNING * * *
The orc hits you but does no damage. The orc hits you.
* * * LOW HITPOINT WARNING * * *
You climb upwards.
There is a stone staircase leading down here.
Your shield and chain mail prevent you from hitting the orc.
You hit the orc.
Your shield and chain mail prevent you from hitting the orc.
The orc hits you with a war axe!
* * * LOW HITPOINT WARNING * * *
The orc hits you with a war axe.
You die...

#...............#
######
#.#.##..........#######
#....#
#.#..#.................
#....#
#.##.#.........########
#....# #.##...###.....#
# ###....####.###..#
#.....# # .......'.##.#
#..# #.....# #
###....#.##.###oo#
#.....# #
#....#.##.#..o@#
#.....# #
#....#.##.#.####
#.....# #
#....#.##.#<.# #######
# ########.##.#..# #
............#..# #
########.......# #
#.........# #
#.######### # #.# #


You could see 3 orcs.

Vanquished Creatures
  Jessica (D:2)
  Natasha (D:4)
  2 adders (D:2)
  3 worms (D:2)
  2 dart slugs
  A leopard gecko (D:1)
  6 giant cockroaches
  8 goblins
  4 hobgoblins
  6 kobolds
  6 bats
  2 frilled lizards
  6 rats
48 creatures vanquished.

Notes
Turn   | Place    | Note
-------+----------+-------------------------------------------
     0 | D:1      | Kavrick the Demonspawn Fighter began the quest for the Orb.
     0 | D:1      | Reached XP level 1. HP: 18/18 MP: 1/1
   204 | D:1      | Gained mutation: When hurt, damage is shared between your health and your magic reserves. [demonic ancestry]
   204 | D:1      | Reached XP level 2. HP: 19/24 MP: 2/2
   594 | D:2      | Reached XP level 3. HP: 28/29 MP: 3/3
   945 | D:2      | Found a hazy altar of Hepliaklqana.
  1322 | D:2      | Gained mutation: Your flesh is heat resistant. (rF+) [demonic ancestry]
  1322 | D:2      | Reached XP level 4. HP: 35/35 MP: 4/4
  1345 | D:2      | Noticed Jessica
  1357 | D:2      | HP: 1/35 [Jessica/nerve-wracking pain (6)]
  1358 | D:2      | Killed Jessica
  2233 | D:3      | Found a white marble altar of Elyvilon.
  2580 | D:4      | Noticed Natasha
  2588 | D:4      | Killed Natasha
  2706 | D:3      | HP: 1/36 [orc/war axe (6)]
  2706 | D:3      | Slain by an orc

Vault maps used:
D:1:      dpeg_arrival_court, dk_noncrumbling_3
D:2:      lemuel_round_altar, uniq_jessica
D:3:      elyvilon_altar_4
D:4:      cheibrodos_pilgrimage, first_bread, uniq_natasha

Skill      XL: |  1  2  3  4 |
---------------+-------------+-----
Axes           | 2 3 |  3.2
Armour         | 3 |  3.3
Shields        | 3 |  3.3
Fighting       | |  3.6

Action                   |  1- 3 |  4- 6 || total
-------------------------+-------+-------++-------
Melee: War axe           |   111 |    35 ||   146
  Eat: Chunk             |     2 |     4 ||     6
Armor: Chain mail        |    87 |    19 ||   106
       Scale mail        |     3 |       ||     3
Dodge: Dodged            |    23 |     7 ||    30
Block: Shield            |    50 |    15 ||    65

Table legend:
 A = Spawn XP
 B = Non-spawn XP
 C = Spawn XP percentage of total XP
 D = Spawn monster count
 E = Non-spawn monster count
 F = Spawn count percentage of total count
 G = Total turns spent on level
                    A         B        C        D         E        F      G
               +---------+---------+-------+---------+---------+-------+---------
         Total |       0 |     182 |   0.0 |       0 |      48 |   0.0 |  2706
               +---------+---------+-------+---------+---------+-------+---------
           D:1 |       0 |      24 |   0.0 |       0 |      11 |   0.0 |   556
           D:2 |       0 |     113 |   0.0 |       0 |      29 |   0.0 |  1124
           D:3 |       0 |      10 |   0.0 |       0 |       7 |   0.0 |   901
           D:4 |       0 |      35 |   0.0 |       0 |       1 |   0.0 |   125
               +---------+---------+-------+---------+---------+-------+---------
